 Dungeon Crawl Stone Soup version 0.25.1-2-g60ff931df9 (webtiles) character file.

Game seed: 3489124924965380717

28 Doot the Chopper (level 3, 0/30 HPs)
             Began as a Hill Orc Skald on Sept 11, 2020.
             Succumbed to a scorpion's poison
             ... on level 3 of the Dungeon.
             The game lasted 00:01:38 (1153 turns).

Doot the Chopper (Hill Orc Skald)                   Turns: 1153, Time: 00:01:38

Health: 0/30       AC:  3    Str: 14    XL:     3   Next: 12%
Magic:  5/5        EV: 11    Int: 13    God:
Gold:   59         SH:  0    Dex: 10    Spells: 2/5 levels left

rFire    . . .     SeeInvis .   a - +0 hand axe
rCold    . . .     Gourm    .   (no shield)
rNeg     . . .     Faith    .   b - +0 leather armour
rPois    .         Spirit   .   (no helmet)
rElec    .         Reflect  .   (no cloak)
rCorr    .         Harm     .   (no gloves)
MR       .....                  (no boots)
Stlth    +.........             (no amulet)
HPRegen  0.10/turn              (no ring)
MPRegen  0.09/turn              (no ring)

@: lethally poisoned (0 -> -10), infused, stab, very slightly contaminated,
invisible
A: no striking features
a: no special abilities


You were on level 3 of the Dungeon.
You were not hungry.

You visited 1 branch of the dungeon, and saw 3 of its levels.

You collected 59 gold pieces.

Inventory:

Hand Weapons
 a - a +0 hand axe (weapon)
Armour
 b - a +0 leather armour (worn)
Jewellery
 i - an uncursed amulet of guardian spirit {unknown}
Scrolls
 c - a scroll of identify {unknown}
 g - a scroll of fear {unknown}
 h - a scroll of blinking {unknown}
Comestibles
 d - a ration
 f - a chunk of flesh


   Skills:
 + Level 2.5 Fighting
 + Level 3.1 Axes
 + Level 1.5 Armour
 + Level 1.8 Dodging
 + Level 1.8 Spellcasting
 + Level 3.0 Charms


You had 2 spell levels left.
You knew the following spells:

 Your Spells              Type           Power        Failure   Level  Hunger
a - Infusion              Chrm           #...         10%         1    ##.....
b - Song of Slaying       Chrm           #.......     14%         2    ###....

Your spell library contained the following spells:

 Spells                   Type           Power        Failure   Level  Hunger
 Shroud of Golubria       Chrm/Tloc      #.....       26%         2    ###....
 Ozocubu's Armour         Chrm/Ice       #.......     45%         3    ####...
 Spectral Weapon          Hex/Chrm       #.......     45%         3    ####...


Dungeon Overview and Level Annotations

Branches:
Dungeon (3/15)

Altars:

Annotations:
D:2 Terence
D:3 1 runed translucent door, nyroko's ghost, amateur GrFi


Message History

You are more poisoned.
The scorpion poisons you!
You completely miss the scorpion.
You feel sick. The scorpion stings you!
You hit the scorpion but do no damage.
* * * LOW HITPOINT WARNING * * *
You feel sick. The scorpion stings you.
* * * LOW HITPOINT WARNING * * *
Unknown command.
* * * LOW HITPOINT WARNING * * *
You feel sick.
* * * LOW HITPOINT WARNING * * *
You feel sick.
It was a potion of invisibility.
You fade into invisibility!
* * * LOW HITPOINT WARNING * * *
You feel sick. The scorpion barely misses you.
You are very lightly contaminated with residual magic.
It was a potion of stabbing.
You feel ready to backstab.
You die...

######### #........
########.......
...........#####
............s@.#
....##+##..###.#.....
. #.$W#..###.#.....
#P8P#....#.######
#####....#......
........<#######.
................
#.######....##### #
#....#


You could see a scorpion.

Vanquished Creatures
  An adder (D:2)
  A dart slug (D:1)
  A bat (D:1)
  2 giant cockroaches (D:1)
  2 hobgoblins (D:1)
  3 jackals (D:1)
  2 frilled lizards
  A goblin (D:1)
  A kobold (D:1)
  3 rats (D:1)
17 creatures vanquished.

Notes
Turn   | Place    | Note
-------+----------+-------------------------------------------
     0 | D:1      | Doot the Hill Orc Skald began the quest for the Orb.
     0 | D:1      | Reached XP level 1. HP: 18/18 MP: 3/3
   573 | D:1      | Reached XP level 2. HP: 25/25 MP: 1/4
   843 | D:2      | Noticed Terence
   946 | D:2      | Reached XP level 3. HP: 24/30 MP: 0/5
   953 | D:2      | Learned a level 2 spell: Song of Slaying
  1137 | D:3      | Found a runed translucent door.
  1137 | D:3      | Noticed nyroko's ghost (amateur GrFi)
  1137 | D:3      | Noticed a scorpion
  1151 | D:3      | HP: 1/30 [poisoned by a scorpion]
  1153 | D:3      | Succumbed to a scorpion's poison

Illustrated notes

Levels and vault maps discovered:
D:1:      dpeg_arrival_subterranean_lakeside_camping, layout_basic,
          minmay_misc_feat_five, chequers_garden
D:2:      layout_basic, regret_index_temple_of_mockery, uniq_terence
D:3:      layout_basic, old_standard_altar, gammafunk_ghost_grave,
          serial_co_window_serial, co_window_corner_a, co_window_corner_a,
          co_window_of_opportunity_a, co_window_corner_a, co_window_paths_a,
          co_window_of_opportunity_b, co_window_unsneaky_path_c,
          co_window_broadway_c, co_window_cross_4, co_window_broadway_b,
          co_window_4corner_b, glass_columns_a, uniq_sigmund

Skill      XL: |  1  2 |
---------------+-------+-----
Axes           | 3 |  3.1
Charms         | 3 |  3.0
Fighting       | |  2.5
Armour         | |  1.5
Dodging        | |  1.8
Spellcasting   | |  1.8

Action                   || total
-------------------------++-------
Melee: Hand axe          ||    63
 Cast: Infusion          ||     9
  Use: Potion            ||     2
  Eat: Chunk             ||     1
Armor: Leather armour    ||    17
Dodge: Dodged            ||    37
